 Dungeon Crawl Stone Soup version 0.18-a0-1267-gff090c1 (webtiles) character file.

26 RedPan the Ducker (level 2, -1/14 HPs)
             Began as a Felid Berserker on Feb 7, 2016.
             Was a Follower of Trog.
             Slain by a hobgoblin (4 damage)
             ... on level 2 of the Dungeon.
             The game lasted 00:02:44 (1765 turns).

RedPan the Ducker (Felid Berserker)                 Turns: 1765, Time: 00:02:45

Health: -1/14      AC:  4    Str: 13    XL:     2   Next: 89%
Magic:  3/3        EV: 15    Int:  8    God:    Trog [*.....]
Gold:   113        SH:  0    Dex: 15    Spells: 0 memorised, 1 level left
                                        Lives:  0   Deaths: 0

rFire  . . .     SeeInvis +       - Unarmed
rCold  . . .     Gourm    .     (armour unavailable)
rNeg   . . .     Faith    .     (shield unavailable)
rPois  .         Spirit   .     (helmet unavailable)
rElec  .         Dismiss  .     (cloak unavailable)
rCorr  .         Reflect  .     (gloves unavailable)
SustAt .         Harm     .     (boots unavailable)
MR     .....                    c - amulet of inaccuracy (curse)
Stlth  ++........               g - -4 ring of evasion (curse)
                                d - +3 ring of protection

@: quick, not resistant to hostile enchantments, unstealthy
A: no armour, no weapons or thrown items, claws 1, fangs 3, see invisible,
carnivore 3, speed 1, shaggy fur 1, slow metabolism 1, sharp paws
a: Berserk, Burn Spellbooks, Renounce Religion


You were on level 2 of the Dungeon.
You worshipped Trog.
Trog was aware of your devotion.
You were very full.

You visited 1 branch of the dungeon, and saw 2 of its levels.

You collected 113 gold pieces.

Inventory:

Jewellery
 c - a cursed amulet of inaccuracy (around neck)
 d - a +3 ring of protection (left paw)
 g - a cursed -4 ring of evasion (right paw)
Scrolls
 e - a scroll of identify
Potions
 f - a potion of curing {unknown}
 h - a potion of haste
 i - a potion of cancellation {unknown}
Comestibles
 a - 2 meat rations
 b - a slice of pizza


   Skills:
 + Level 3.4 Fighting
 - Level 4.0 Dodging
 + Level 3.8 Unarmed Combat


You had one spell level left.
You didn't know any spells.

Dungeon Overview and Level Annotations

Branches:
Dungeon (2/15)

Altars:


Innate Abilities, Weirdness & Mutations

You cannot wear armour.
You are incapable of wielding weapons or throwing items.
You have sharp claws.
You have razor-sharp teeth.
You have supernaturally acute eyesight.
You are carnivorous and can eat meat at any time.
You cover ground quickly.
You are covered in fur (AC +1).
You have a slow metabolism.
Your sharp claws are effective at attacking unaware monsters.


Message History

You scratch the hobgoblin but do no damage.
You claw the hobgoblin.
The hobgoblin is moderately wounded.
The hobgoblin barely misses you.
You scratch the hobgoblin but do no damage.
The hobgoblin is moderately wounded.
The hobgoblin closely misses you.
You barely miss the hobgoblin.
The hobgoblin is moderately wounded.
The hobgoblin hits you.
* * * LOW HITPOINT WARNING * * *
You barely miss the hobgoblin.
The hobgoblin is moderately wounded.
The hobgoblin hits you but does no damage.
You scratch the hobgoblin. Your bite misses the hobgoblin.
The hobgoblin is severely wounded.
You scratch the hobgoblin but do no damage.
The hobgoblin is severely wounded.
The hobgoblin hits you.
You die...

.....# # ###
...#.# .. ..#
...#.# ... ...
...... .... #.#
.#.#.## ..... #.#
# .#.#.#
......##.##.# ....
. #h)hhg..# .#.#.
####g#### ##...
##@## # #. #...#
##.## #.# #.# #.#
#########.# ###
#......##.#
..######....#.##.#


You could see 2 jackals and 2 hobgoblins.

Vanquished Creatures
  A worm (D:2)
  A giant cockroach (D:1)
  3 goblins (D:1)
  4 hobgoblins
  3 bats
  A giant newt (D:1)
  6 kobolds
  3 rats
22 creatures vanquished.

Notes
Turn   | Place    | Note
--------------------------------------------------------------
     0 | D:1      | RedPan the Felid Berserker began the quest for the Orb.
     0 | D:1      | Reached XP level 1. HP: 10/10 MP: 2/2
   617 | D:1      | Reached XP level 2. HP: 14/14 MP: 3/3
  1765 | D:2      | Slain by a hobgoblin

Vault maps used:
D:1:      saegor_arrival_simple_b, minmay_misc_feat_pillars, st_stairs_11,
          roderic_roman_lattice
D:2:      minmay_item_behind_shaft, minmay_misc_feat_columns,
          minmay_misc_feat_doors

Action                   || total
-------------------------++-------
Melee: Unarmed           ||    80
  Use: Scroll            ||     3
 Stab: Sleeping          ||     3
  Eat: Chunk             ||     8
